 Dungeon Crawl Stone Soup version 0.18-a0-1159-gf481d65 (webtiles) character file.

81 Reinor the Cudgeler (level 4, 0/72 HPs)
             Began as an Ogre Berserker on Jan 24, 2016.
             Was a Believer of Trog.
             Succumbed to an adder's poison
             ... on level 2 of the Dungeon.
             The game lasted 00:04:27 (1642 turns).

Reinor the Cudgeler (Ogre Berserker)                Turns: 1642, Time: 00:04:27

Health: 0/72       AC: 22    Str: 23    XL:     4   Next: 40%
Magic:  4/4        EV:  1    Int:  6    God:    Trog [**....]
Gold:   51         SH:  0    Dex:  9    Spells: 0 memorised, 3 levels left

rFire  . . .     SeeInvis .     a - +0 mace
rCold  . . .     Gourm    .     (armour currently unavailable)
rNeg   + + +     Faith    .     (no shield)
rPois  +         Spirit   .     (helmet currently unavailable)
rElec  .         Dismiss  .     (cloak currently unavailable)
rCorr  +         Reflect  .     (gloves unavailable)
SustAt .         Harm     .     (boots unavailable)
MR     .....     NoTele   +     h - amulet of inaccuracy (curse)
Stlth  +.........               (no ring)
                                e - ring of resist corrosion

@: lethally poisoned (0 -> -2), tree-form, not resistant to hostile
enchantments, very unstealthy
A: unfitting armour, (tough skin 0)
a: Berserk, Trog's Hand, Burn Spellbooks, Renounce Religion


You were on level 2 of the Dungeon.
You worshipped Trog.
Trog was pleased with you.
You were hungry.
You were a tree.
You visited 1 branch of the dungeon, and saw 2 of its levels.

You collected 51 gold pieces.

Inventory:

Hand Weapons
 a - a +0 mace (weapon)
Missiles
 g - 40 stones (quivered)
Armour
 b - a +0 animal skin (melded)
Jewellery
 e - a ring of resist corrosion (left branch)
 h - a cursed amulet of inaccuracy (around neck)
Scrolls
 i - a scroll of teleportation
Potions
 d - a potion of cure mutation
Comestibles
 c - a bread ration
 j - 4 chunks of flesh


   Skills:
 - Level 4.0 Fighting
 + Level 6.7 Maces & Flails
 - Level 2.6 Dodging


You had 3 spell levels left.
You didn't know any spells.

Dungeon Overview and Level Annotations

Branches:
Dungeon (2/15)

Altars:


Innate Abilities, Weirdness & Mutations

You are too large for most types of armour.
((You have tough skin (AC +1).))


Message History

You kill the kobold!
Trog accepts your kill.
* * * LOW HITPOINT WARNING * * *
You feel sick. The bat hits you but does no damage. x2
Some of the chunks of flesh in your inventory have rotted away.
You cannot move.
You cannot move.
You cannot move.
You cannot move.
The bat hits you but does no damage. x2
* * * LOW HITPOINT WARNING * * *
You feel sick. The bat hits you but does no damage. x2
The bat hits you but does no damage. x3
* * * LOW HITPOINT WARNING * * *
You feel sick. The bat hits you but does no damage. x2
The bat hits you but does no damage. x2
* * * LOW HITPOINT WARNING * * *
You feel sick. The bat hits you but does no damage. x4
The bat hits you but does no damage. x3
You die...

..........####..#.##.#
.####...........#.##.#
.# #....#.###.##.##.#
## #.#.#..# #.#...#.#
#.#.#..# #.#...#.#
#.#.#..# #.......# ##
#.... .# ###$..#####
.# #.... #.)..(... .#
##. #♣b.####. .# ...
.......†....... .# ..#
........b...... .# ..
............... .#
....#####.#...#.##. .#
.#.# #.#.....!. ##
#.#.# #.#...#.###
#####.#.# #.#...#.#
....÷.#.##### ... ###


You could see 2 bats.

Vanquished Creatures
  A gnoll (D:1)
  3 adders (D:2)
  A giant gecko (D:2)
  2 giant cockroaches
  5 goblins
  6 hobgoblins
  3 jackals (D:2)
  A quokka (D:2)
  A ball python (D:1)
  5 bats
  A giant newt (D:2)
  8 kobolds
  6 rats
43 creatures vanquished.

Notes
Turn   | Place    | Note
--------------------------------------------------------------
     0 | D:1      | Reinor the Ogre Berserker began the quest for the Orb.
     0 | D:1      | Reached XP level 1. HP: 24/24 MP: 1/1
   134 | D:1      | Reached XP level 2. HP: 29/32 MP: 2/2
   396 | D:1      | Reached skill level 5 in Maces & Flails
   412 | D:1      | Reached XP level 3. HP: 15/39 MP: 3/3
   468 | D:1      | Reached ** piety under Trog
  1086 | D:2      | Reached skill level 6 in Maces & Flails
  1237 | D:2      | Reached XP level 4. HP: 33/48 MP: 4/4
  1633 | D:2      | HP: 3/72 [poisoned by an adder]
  1638 | D:2      | HP: 2/72 [poisoned by an adder]
  1642 | D:2      | Succumbed to an adder's poison

Vault maps used:
D:1:      saegor_arrival_simple_b
D:2:      uniq_robin, uniq_jessica

Action                   |  1- 3 |  4- 6 || total
-------------------------+-------+-------++-------
Melee: Mace              |   115 |    45 ||   160
Throw: Stone             |     4 |     1 ||     5
  Use: Scroll            |     3 |     2 ||     5
       Potion            |       |     1 ||     1
  Eat: Chunk             |     1 |     1 ||     2
